Knights vs Sasquatch

Created - December 26, 2020 at 19:01

Goals
1 2 3 OT1 T
Knights 0 0 1 1 2
Sasquatch 0 0 1 0 1
Shots
1 2 3 OT1 T
Knights 12 4 11 1 28
Sasquatch 6 11 8 1 26

1st period

No Goal

Penalties :
Valentin Zykov (Gat) for Roughing (Minor) at 7:14, Troy Stetcher (Lon) for Hooking (Minor) at 16:36

2nd period

No Goal

Penalties :
No Penalty

3rd period

1. Knights , Jesse Graham 1 (Iiro Pakarinen 20, Dwight King 7) at 4:03
2. Sasquatch , Teemu Hartikainen 9 (Sergey Kalinin 10) at 14:50

Penalties :
Jujhar Khaira (Gat) for Hooking (Minor) at 0:22, T.J. Tynan (Gat) for Tripping (Minor) at 16:48

Overtime #1

3. Knights , Iiro Pakarinen 9 (Dwight King 8, Troy Stetcher 15) at 1:21

Penalties :
No Penalty

Goalie Stats

Elvis Merzlikins (Lon), 25 saves from 26 shots - (0.962), W, 9-6-1, 61:21 minutes
Joonas Korpisalo (Gat), 26 saves from 28 shots - (0.929), OTL, 8-8-5, 61:21 minutes

Players Stats for Knights

Player Name              G  A  P  +/- PIM S  H  SB GA TA FO     MP     PP MP  PK MP  
------------------------------------------------------------------------------------
Alexandre Carrier        0  0  0   0  0   1  0  1  0  0  0/0    12:52   0:30   0:00 
Brendan Gaunce           0  0  0  -1  0   5  1  0  1  1  13/30  20:08   3:11   0:00 
Curtis Lazar             0  0  0   0  0   1  1  0  1  1  0/0     8:15   0:00   0:00 
Dominik Kahun            0  0  0   1  0   1  0  1  0  0  8/14   17:56   2:40   0:00 
Dwight King              0  2  2   2  0   2  3  1  1  1  1/2    18:52   2:40   0:29 
Iiro Pakarinen           1  1  2   2  0   4  2  1  1  0  1/1    18:17   2:40   0:00 
Jesse Graham             1  0  1   0  0   1  0  1  0  0  0/0    12:10   0:00   0:00 
Jordan Martinook         0  0  0   0  0   3  1  0  0  0  2/3    13:14   0:00   1:30 
Josh Bailey              0  0  0   0  0   2  1  0  0  1  0/2    11:41   0:06   0:29 
Ludwig Bystrom           0  0  0   1  0   0  2  3  0  0  0/0    25:26   2:19   1:49 
Martin Frk               0  0  0   0  0   1  0  0  1  0  0/0     8:15   0:00   0:00 
Nathan Walker            0  0  0   0  0   1  2  0  1  0  0/0     8:36   0:18   0:00 
Nicolas Petan            0  0  0   0  0   0  3  0  0  0  1/1    11:06   0:00   0:00 
Nikolaj Ehlers           0  0  0  -1  0   2  7  0  0  0  1/3    21:10   3:14   0:00 
Tony DeAngelo            0  0  0   0  0   0  0  1  1  1  0/0    23:55   3:09   0:49 
Troy Stetcher            0  1  1   1  2   1  1  1  1  1  0/0    25:14   3:18   0:00 
Vince Hinostroza         0  0  0  -1  0   3  5  0  0  1  0/1    22:48   3:02   1:30 
Vladislav Gavrikov       0  0  0   0  0   0  1  1  0  0  0/0    23:29   2:38   1:20 

Players Stats for Sasquatch

Player Name              G  A  P  +/- PIM S  H  SB GA TA FO     MP     PP MP  PK MP  
------------------------------------------------------------------------------------
Alex Iafallo             0  0  0  -1  0   1  0  0  1  0  0/1    16:27   0:00   1:45 
Brandon Montour          0  0  0   1  0   0  2  2  0  2  0/0    26:27   1:25   3:30 
Brett Pesce              0  0  0  -2  0   1  0  3  0  0  0/0    17:11   0:34   0:00 
Devin Shore              0  0  0   0  0   4  1  2  0  0  13/26  21:22   1:10   2:49 
Dmitri Orlov             0  0  0   0  0   1  0  0  1  1  0/0    15:20   0:34   0:00 
Hudson Fasching          0  0  0   0  0   0  0  0  0  0  0/0     7:57   0:00   0:00 
Jack Roslovic            0  0  0   0  0   2  0  0  0  0  0/1     8:50   0:00   0:38 
Jujhar Khaira            0  0  0  -1  2   2  5  0  1  0  0/2    21:38   0:49   1:59 
Martin Marincin          0  0  0  -1  0   0  1  2  0  0  0/0    19:36   0:00   3:30 
Mirco Mueller            0  0  0   0  0   0  0  1  0  0  0/0    17:51   0:00   2:27 
Patrick Wey              0  0  0   0  0   0  4  1  1  4  0/0    26:17   1:25   2:27 
Petr Straka              0  0  0  -1  0   7  1  0  0  0  0/1    15:46   0:49   0:00 
Sam Reinhart             0  0  0   1  0   1  1  0  0  0  0/0    11:25   0:00   0:00 
Sergey Kalinin           0  1  1   0  0   4  1  1  1  0  7/8    16:05   0:00   2:57 
T.J. Tynan               0  0  0  -1  2   1  1  0  0  0  8/12   15:33   0:49   0:00 
Teemu Hartikainen        1  0  1   1  0   1  1  0  1  1  0/0    13:09   0:00   1:05 
Timo Meier               0  0  0   0  0   0  2  0  0  0  2/6    18:35   1:10   0:00 
Valentin Zykov           0  0  0   0  2   1  1  0  1  0  0/0     9:55   1:10   0:41 

3 Stars

1 - Iiro Pakarinen (Lon)
2 - Dwight King (Lon)
3 - Elvis Merzlikins (Lon)

Power Play

Knights - 0 on 3 Attempt(s) - 0.00%
Sasquatch - 0 on 1 Attempt(s) - 0.00%

Penalty Kill

Knights - 1 on 1 Attempt(s) - 100.00% - Score 0 goal in Penalty Kill
Sasquatch - 3 on 3 Attempt(s) - 100.00% - Score 0 goal in Penalty Kill

Team Stat

Knights - Hits : 30 - Faceoff Wins : 27 - Blocked Shots : 11 - Penalty Minutes : 2
Sasquatch - Hits : 21 - Faceoff Wins : 30 - Blocked Shots : 12 - Penalty Minutes : 6

Official

Referees : Unknown
Linesman : Unknown

Game Notes

No Game Note

Finance

Level 1 -- Attendance: 1339 (66.95%) -- Ticket Income $53,560
Level 2 -- Attendance: 685 (68.50%) -- Ticket Income $13,700
Total Attendance: 2024 (67.47%)
Total Ticket Income: $67,260
Other Income: $3,363
Total Income: $70,623

Knights

5 vs 5 Forward 
   Center                   Left Wing                Right Wing               Time % Phy DF OF 
 1 Brendan Gaunce           Nikolaj Ehlers           Vince Hinostroza         40     1   2  2  
 2 Dominik Kahun            Dwight King              Iiro Pakarinen           30     1   2  2  
 3 Nicolas Petan            Jordan Martinook         Josh Bailey              20     1   2  2  
 4 Curtis Lazar             Nathan Walker            Martin Frk               10     1   2  2  

5 vs 5 Defense 
   Defense                  Defense                                           Time % Phy DF OF 
 1 Ludwig Bystrom           Troy Stetcher                                     40     1   3  1  
 2 Vladislav Gavrikov       Tony DeAngelo                                     30     1   3  1  
 3 Jesse Graham             Alexandre Carrier                                 20     1   2  2  
 4 Vladislav Gavrikov       Tony DeAngelo                                     10     1   2  2  

PowerPlay Forward 
   Center                   Left Wing                Right Wing               Time % Phy DF OF 
 1 Brendan Gaunce           Nikolaj Ehlers           Vince Hinostroza         60     0   1  4  
 2 Dominik Kahun            Dwight King              Iiro Pakarinen           40     0   1  4  

PowerPlay Defense
   Defense                  Defense                                           Time % Phy DF OF 
 1 Tony DeAngelo            Troy Stetcher                                     60     0   1  4  
 2 Ludwig Bystrom           Vladislav Gavrikov                                40     0   1  4  

Penalty Kill 4 Players Forward 
   Center                   Wing                     Time % Phy DF OF 
 1 Jordan Martinook         Vince Hinostroza         60     1   3  1  
 2 Josh Bailey              Dwight King              40     1   3  1  

Penalty Kill 4 Players Defense
   Defense                  Defense                  Time % Phy DF OF 
 1 Ludwig Bystrom           Vladislav Gavrikov       60     1   3  1  
 2 Tony DeAngelo            Ludwig Bystrom           40     1   3  1  

Penalty Kill - 3 Players Forward 
   Forward                                           Time % Phy DF OF 
 1 Jordan Martinook                                  60     0   4  1  
 2 Vince Hinostroza                                  40     0   4  1  

Penalty Kill - 3 Players Defense
   Defense                  Defense                  Time % Phy DF OF 
 1 Ludwig Bystrom           Vladislav Gavrikov       60     1   3  1  
 2 Tony DeAngelo            Ludwig Bystrom           40     1   3  1  

4 vs 4 Forward 
   Center                   Wing                     Time % Phy DF OF 
 1 Nikolaj Ehlers           Vince Hinostroza         60     1   2  2  
 2 Brendan Gaunce           Dwight King              40     1   2  2  

4 vs 4 Defense
   Defense                  Defense                  Time % Phy DF OF 
 1 Ludwig Bystrom           Troy Stetcher            60     1   2  2  
 2 Tony DeAngelo            Vladislav Gavrikov       40     1   2  2  

Last Minutes Offensive
   Center                   Left Wing                Right Wing               Defense                  Defense                  
   Brendan Gaunce           Nikolaj Ehlers           Vince Hinostroza         Tony DeAngelo            Troy Stetcher            

Last Minutes Defensive
   Center                   Left Wing                Right Wing               Defense                  Defense                  
   Curtis Lazar             Dwight King              Vince Hinostroza         Ludwig Bystrom           Vladislav Gavrikov       

Goaltenders
Starting : Elvis Merzlikins         
Backup : Magnus Hellberg          

Extra Forwards
Normal : Dwight King, Iiro Pakarinen, Vince Hinostroza - PP : Nathan Walker, Vince Hinostroza - PK : Vince Hinostroza
Extra Defensemen
Normal : Tony DeAngelo, Troy Stetcher, Ludwig Bystrom - PP : Tony DeAngelo - PK : Ludwig Bystrom, Tony DeAngelo
Penalty Shots
Nathan Walker, Dwight King, Nikolaj Ehlers, Iiro Pakarinen, Vince Hinostroza

Scratches
John Marino (Healthy), Nicklas Jensen (Healthy), Jeremy Bracco (Healthy), Mitchell Stephens (Healthy), Sami Niku (Healthy)
Alan Quine (Healthy), Miro Aaltonen (Healthy), Matthew Benning (Healthy), Scott Wilson (Healthy), David Kase (Healthy)
Mackenzie MacEachern (Healthy), Jeff Petry (Healthy), Jayce Hawryluk (Healthy), Nikolay Goldobin (Sprained Left Finger Injury), Oskar Lindblom (Healthy)
Ryan Collins (Healthy), William Lagesson (Healthy), Joey Daccord (Healthy), Philippe Desrosiers (Healthy)

Sasquatch

5 vs 5 Forward 
   Center                   Left Wing                Right Wing               Time % Phy DF OF 
 1 Devin Shore              Jujhar Khaira            Timo Meier               40     1   2  2  
 2 T.J. Tynan               Alex Iafallo             Petr Straka              30     1   2  2  
 3 Sergey Kalinin           Teemu Hartikainen        Sam Reinhart             20     1   2  2  
 4 Jack Roslovic            Valentin Zykov           Hudson Fasching          10     1   2  2  

5 vs 5 Defense 
   Defense                  Defense                                           Time % Phy DF OF 
 1 Patrick Wey              Brandon Montour                                   40     1   2  2  
 2 Martin Marincin          Brett Pesce                                       30     1   2  2  
 3 Mirco Mueller            Dmitri Orlov                                      20     1   2  2  
 4 Brandon Montour          Patrick Wey                                       10     1   2  2  

PowerPlay Forward 
   Center                   Left Wing                Right Wing               Time % Phy DF OF 
 1 Devin Shore              Valentin Zykov           Timo Meier               60     1   2  2  
 2 T.J. Tynan               Jujhar Khaira            Petr Straka              40     1   2  2  

PowerPlay Defense
   Defense                  Defense                                           Time % Phy DF OF 
 1 Brandon Montour          Patrick Wey                                       60     1   2  2  
 2 Dmitri Orlov             Brett Pesce                                       40     1   2  2  

Penalty Kill 4 Players Forward 
   Center                   Wing                     Time % Phy DF OF 
 1 Sergey Kalinin           Jujhar Khaira            60     1   2  2  
 2 Devin Shore              Teemu Hartikainen        40     1   2  2  

Penalty Kill 4 Players Defense
   Defense                  Defense                  Time % Phy DF OF 
 1 Martin Marincin          Brandon Montour          60     1   2  2  
 2 Mirco Mueller            Patrick Wey              40     1   2  2  

Penalty Kill - 3 Players Forward 
   Forward                                           Time % Phy DF OF 
 1 Sergey Kalinin                                    60     1   2  2  
 2 T.J. Tynan                                        40     1   2  2  

Penalty Kill - 3 Players Defense
   Defense                  Defense                  Time % Phy DF OF 
 1 Brandon Montour          Martin Marincin          60     1   2  2  
 2 Mirco Mueller            Patrick Wey              40     1   2  2  

4 vs 4 Forward 
   Center                   Wing                     Time % Phy DF OF 
 1 Sergey Kalinin           Jujhar Khaira            60     1   2  2  
 2 Devin Shore              Teemu Hartikainen        40     1   2  2  

4 vs 4 Defense
   Defense                  Defense                  Time % Phy DF OF 
 1 Martin Marincin          Brandon Montour          60     1   2  2  
 2 Brett Pesce              Patrick Wey              40     1   2  2  

Last Minutes Offensive
   Center                   Left Wing                Right Wing               Defense                  Defense                  
   Devin Shore              Jujhar Khaira            Timo Meier               Brett Pesce              Patrick Wey              

Last Minutes Defensive
   Center                   Left Wing                Right Wing               Defense                  Defense                  
   Sergey Kalinin           Teemu Hartikainen        Jujhar Khaira            Brandon Montour          Martin Marincin          

Goaltenders
Starting : Joonas Korpisalo         
Backup : Anders Nilsson           

Extra Forwards
Normal : Teemu Hartikainen, Jujhar Khaira, Sergey Kalinin - PP : Teemu Hartikainen, Jujhar Khaira - PK : Devin Shore
Extra Defensemen
Normal : Patrick Wey, Brett Pesce, Mirco Mueller - PP : Martin Marincin - PK : Patrick Wey, Brandon Montour
Penalty Shots
Jack Roslovic, Devin Shore, Petr Straka, T.J. Tynan, Valentin Zykov

Scratches
Roope Hintz (Healthy), Ethan Bear (Healthy), Nikita Nesterov (Healthy), Christoffer Ehn (Healthy), Dylan Sikura (Healthy)
Alex Lintuniemi (Healthy), Cal Petersen (Healthy)

% Time on Ice - Knights

Lines # - Real PCT - Wanted PCT - Time Play
Normal Forward
1 - 34% - 40% - 17:40
2 - 29% - 30% - 15:03
3 - 21% - 20% - 11:06
4 - 16% - 10% - 8:15
Normal Defense
1 - 41% - 40% - 21:09
2 - 27% - 30% - 14:01
3 - 23% - 20% - 12:10
4 - 9% - 10% - 4:44
PP Forward
1 - 55% - 60% - 3:17
2 - 45% - 40% - 2:40
PP Defense
1 - 61% - 60% - 3:38
2 - 39% - 40% - 2:19
PK Forward
1 - 76% - 60% - 1:30
2 - 24% - 40% - 0:29
PK Defense
1 - 59% - 60% - 1:10
2 - 41% - 40% - 0:49
PK3 Forward
1 - 0% - 60%
2 - 0% - 40%
PK3 Defense
1 - 0% - 60%
2 - 0% - 40%
44 Forward
1 - 96% - 60% - 1:18
2 - 4% - 40% - 0:03
44 Defense
1 - 64% - 60% - 0:52
2 - 36% - 40% - 0:29
Last Minute Offensive  - 0:00
Last Minute Defensive  - 0:00
Total
Forward - 61:21
Defense - 61:21

% Time on Ice - Sasquatch

Lines # - Real PCT - Wanted PCT - Time Play
Normal Forward
1 - 35% - 40% - 17:58
2 - 28% - 30% - 14:44
3 - 22% - 20% - 11:25
4 - 15% - 10% - 7:57
Normal Defense
1 - 37% - 40% - 19:19
2 - 32% - 30% - 16:37
3 - 28% - 20% - 14:21
4 - 3% - 10% - 1:47
PP Forward
1 - 59% - 60% - 1:10
2 - 41% - 40% - 0:49
PP Defense
1 - 71% - 60% - 1:25
2 - 29% - 40% - 0:34
PK Forward
1 - 82% - 60% - 4:54
2 - 18% - 40% - 1:03
PK Defense
1 - 59% - 60% - 3:30
2 - 41% - 40% - 2:27
PK3 Forward
1 - 0% - 60%
2 - 0% - 40%
PK3 Defense
1 - 0% - 60%
2 - 0% - 40%
44 Forward
1 - 100% - 60% - 1:21
2 - 0% - 40% - 0:00
44 Defense
1 - 57% - 60% - 0:46
2 - 43% - 40% - 0:35
Last Minute Offensive  - 0:00
Last Minute Defensive  - 0:00
Total
Forward - 61:21
Defense - 61:21

Play-by-Play

1st period


0:01 of 1st period - Devin Shore wins face-off versus Brendan Gaunce in neutral zone.
1:36 of 1st period - Alexandre Carrier is hit by Timo Meier and loses puck.
2:40 of 1st period - Wrist shot by Valentin Zykov.
2:40 of 1st period - Shot Misses the Net.
2:42 of 1st period - Slapshot by Brett Pesce.
2:42 of 1st period - Deflect By Jack Roslovic.
2:42 of 1st period - Shot Misses the Net.
2:42 of 1st period - Puck is out of play.
2:43 of 1st period - Brendan Gaunce wins face-off versus Devin Shore in Knights zone.
2:47 of 1st period - Icing by Vince Hinostroza.
2:48 of 1st period - Brendan Gaunce wins face-off versus Jujhar Khaira in Knights zone.
2:48 of 1st period - Brendan Gaunce is hit by Jujhar Khaira.
3:02 of 1st period - Wrist shot by Brendan Gaunce.
3:02 of 1st period - Stopped by Joonas Korpisalo without a rebound.
3:03 of 1st period - T.J. Tynan wins face-off versus Dominik Kahun in Sasquatch zone.
5:15 of 1st period - Dwight King is hit by Brandon Montour and loses puck.
7:01 of 1st period - Snap shot by Jack Roslovic.
7:01 of 1st period - Stopped by Elvis Merzlikins with a rebound.
7:07 of 1st period - Brett Pesce is hit by Ludwig Bystrom and loses puck.
7:14 of 1st period - Minor Penalty to Valentin Zykov for Roughing.
7:15 of 1st period - Sergey Kalinin wins face-off versus Brendan Gaunce in Sasquatch zone.
9:08 of 1st period - Mirco Mueller is hit by Nikolaj Ehlers and loses puck.
9:14 of 1st period - Penalty to Valentin Zykov is over, Valentin Zykov is back on ice.
9:36 of 1st period - Snap shot by Jordan Martinook.
9:36 of 1st period - Stopped by Joonas Korpisalo with a rebound.
10:11 of 1st period - Off-side.
10:12 of 1st period - T.J. Tynan wins face-off versus Josh Bailey in neutral zone.
10:25 of 1st period - Snap shot by Alex Iafallo.
10:25 of 1st period - Deflect By Petr Straka.
10:25 of 1st period - Stopped by Elvis Merzlikins with a rebound.
10:35 of 1st period - Alexandre Carrier is hit by Patrick Wey and loses puck.
10:54 of 1st period - Snap shot by Nikolaj Ehlers.
10:54 of 1st period - Shot Blocked by Sergey Kalinin.
11:02 of 1st period - Slapshot by Nikolaj Ehlers.
11:02 of 1st period - Shot Blocked by Brett Pesce.
11:04 of 1st period - Snap shot by Nikolaj Ehlers.
11:04 of 1st period - Shot Misses the Net.
11:06 of 1st period - Snap shot by Alexandre Carrier.
11:06 of 1st period - Shot Blocked by Martin Marincin.
11:18 of 1st period - Iiro Pakarinen is hit by Valentin Zykov and loses puck.
11:51 of 1st period - Snap shot by Curtis Lazar.
11:51 of 1st period - Stopped by Joonas Korpisalo without a rebound.
11:52 of 1st period - Brendan Gaunce wins face-off versus Devin Shore in Sasquatch zone.
11:53 of 1st period - Snap shot by Nikolaj Ehlers.
11:53 of 1st period - Shot Misses the Net.
12:40 of 1st period - Sergey Kalinin is hit by Nicolas Petan and loses puck.
13:11 of 1st period - Slapshot by Josh Bailey.
13:11 of 1st period - Shot Misses the Net.
13:25 of 1st period - Slapshot by Vince Hinostroza.
13:25 of 1st period - Stopped by Joonas Korpisalo with a rebound.
13:31 of 1st period - Snap shot by Brendan Gaunce.
13:31 of 1st period - Stopped by Joonas Korpisalo without a rebound.
13:32 of 1st period - Devin Shore wins face-off versus Brendan Gaunce in Sasquatch zone.
13:47 of 1st period - Slapshot by Nikolaj Ehlers.
13:47 of 1st period - Shot Blocked by Brandon Montour.
13:57 of 1st period - Wrist shot by Curtis Lazar.
13:57 of 1st period - Shot Blocked by Devin Shore.
13:59 of 1st period - Snap shot by Martin Frk.
13:59 of 1st period - Stopped by Joonas Korpisalo with a rebound.
14:01 of 1st period - Snap shot by Martin Frk.
14:01 of 1st period - Shot Hit the Post.
14:03 of 1st period - Backhand shot by Nathan Walker.
14:03 of 1st period - Shot Misses the Net.
14:27 of 1st period - Snap shot by Dwight King.
14:27 of 1st period - Deflect By Iiro Pakarinen.
14:27 of 1st period - Stopped by Joonas Korpisalo with a rebound.
14:29 of 1st period - Snap shot by Dwight King.
14:29 of 1st period - Stopped by Joonas Korpisalo without a rebound.
14:30 of 1st period - Sergey Kalinin wins face-off versus Brendan Gaunce in Sasquatch zone.
14:30 of 1st period - Sergey Kalinin is hit by Nikolaj Ehlers.
14:36 of 1st period - Teemu Hartikainen is hit by Nikolaj Ehlers.
14:54 of 1st period - Teemu Hartikainen is hit by Ludwig Bystrom and loses puck.
15:03 of 1st period - Slapshot by Brendan Gaunce.
15:03 of 1st period - Shot Misses the Net.
15:05 of 1st period - Slapshot by Troy Stetcher.
15:05 of 1st period - Deflect By Brendan Gaunce.
15:05 of 1st period - Stopped by Joonas Korpisalo without a rebound.
15:06 of 1st period - Dominik Kahun wins face-off versus Devin Shore in Sasquatch zone.
15:09 of 1st period - Snap shot by Dwight King.
15:09 of 1st period - Stopped by Joonas Korpisalo without a rebound.
15:10 of 1st period - Dominik Kahun wins face-off versus Devin Shore in Sasquatch zone.
15:17 of 1st period - Wrist shot by Dominik Kahun.
15:17 of 1st period - Shot Blocked by Devin Shore.
15:25 of 1st period - Snap shot by Jujhar Khaira.
15:25 of 1st period - Deflect By Devin Shore.
15:25 of 1st period - Shot Blocked by Iiro Pakarinen.
15:25 of 1st period - Puck is out of play.
15:26 of 1st period - Brendan Gaunce wins face-off versus T.J. Tynan in Knights zone.
16:34 of 1st period - Wrist shot by Alex Iafallo.
16:34 of 1st period - Shot Blocked by Ludwig Bystrom.
16:36 of 1st period - Minor Penalty to Troy Stetcher for Hooking.
16:37 of 1st period - Jordan Martinook wins face-off versus Devin Shore in Knights zone.
16:46 of 1st period - Slapshot by Valentin Zykov.
16:46 of 1st period - Stopped by Elvis Merzlikins without a rebound.
16:47 of 1st period - Jordan Martinook wins face-off versus Timo Meier in Knights zone.
16:54 of 1st period - Slapshot by Vince Hinostroza.
16:54 of 1st period - Shot Misses the Net.
17:18 of 1st period - Slapshot by Patrick Wey.
17:18 of 1st period - Shot Blocked by Ludwig Bystrom.
17:20 of 1st period - Wrist shot by Jujhar Khaira.
17:20 of 1st period - Deflect By Petr Straka.
17:20 of 1st period - Stopped by Elvis Merzlikins without a rebound.
17:21 of 1st period - T.J. Tynan wins face-off versus Jordan Martinook in Knights zone.
17:30 of 1st period - Wrist shot by Petr Straka.
17:30 of 1st period - Shot Hit the Post.
17:36 of 1st period - Snap shot by Jujhar Khaira.
17:36 of 1st period - Shot Misses the Net.
17:50 of 1st period - Wrist shot by Josh Bailey.
17:50 of 1st period - Stopped by Joonas Korpisalo without a rebound.
17:51 of 1st period - Devin Shore wins face-off versus Josh Bailey in Sasquatch zone.
17:58 of 1st period - Vladislav Gavrikov is hit by Patrick Wey.
18:22 of 1st period - Wrist shot by Petr Straka.
18:22 of 1st period - Stopped by Elvis Merzlikins with a rebound.
18:36 of 1st period - Penalty to Troy Stetcher is over, Troy Stetcher is back on ice.
18:56 of 1st period - Jordan Martinook is hit by Sergey Kalinin.
19:00 of 1st period - Wrist shot by Vince Hinostroza.
19:00 of 1st period - Stopped by Joonas Korpisalo without a rebound.
19:01 of 1st period - Iiro Pakarinen wins face-off versus Devin Shore in Sasquatch zone.
19:14 of 1st period - Alexandre Carrier is hit by Timo Meier and loses puck.
19:58 of 1st period - Snap shot by Petr Straka.
19:58 of 1st period - Stopped by Elvis Merzlikins with a rebound.
Goals for this period are 0 for Knights vs 0 for Sasquatch.
Shots for this period are 12 for Knights vs 6 for Sasquatch.

2nd period


0:01 of 2nd period - Brendan Gaunce wins face-off versus Devin Shore in neutral zone.
0:16 of 2nd period - Slapshot by Devin Shore.
0:16 of 2nd period - Stopped by Elvis Merzlikins with a rebound.
1:54 of 2nd period - Slapshot by Teemu Hartikainen.
1:54 of 2nd period - Shot Blocked by Ludwig Bystrom.
1:56 of 2nd period - Wrist shot by Sergey Kalinin.
1:56 of 2nd period - Stopped by Elvis Merzlikins without a rebound.
1:57 of 2nd period - Devin Shore wins face-off versus Dominik Kahun in Knights zone.
2:10 of 2nd period - Snap shot by Dwight King.
2:10 of 2nd period - Deflect By Iiro Pakarinen.
2:10 of 2nd period - Stopped by Joonas Korpisalo without a rebound.
2:11 of 2nd period - Dominik Kahun wins face-off versus Timo Meier in Sasquatch zone.
2:36 of 2nd period - Vince Hinostroza is hit by Patrick Wey and loses puck.
2:43 of 2nd period - Snap shot by Petr Straka.
2:43 of 2nd period - Shot Misses the Net.
3:03 of 2nd period - Slapshot by Josh Bailey.
3:03 of 2nd period - Shot Blocked by Martin Marincin.
3:05 of 2nd period - Snap shot by Josh Bailey.
3:05 of 2nd period - Shot Misses the Net.
3:22 of 2nd period - Nathan Walker is hit by Jujhar Khaira.
3:45 of 2nd period - Icing by Ludwig Bystrom.
3:46 of 2nd period - Sergey Kalinin wins face-off versus Brendan Gaunce in Knights zone.
3:53 of 2nd period - Slapshot by Sergey Kalinin.
3:53 of 2nd period - Stopped by Elvis Merzlikins without a rebound.
3:54 of 2nd period - Brendan Gaunce wins face-off versus Devin Shore in Knights zone.
4:01 of 2nd period - Dmitri Orlov is hit by Brendan Gaunce.
4:05 of 2nd period - Brendan Gaunce is hit by Jujhar Khaira and loses puck.
4:20 of 2nd period - Mirco Mueller is hit by Vladislav Gavrikov.
5:18 of 2nd period - Snap shot by Martin Frk.
5:18 of 2nd period - Deflect By Nathan Walker.
5:18 of 2nd period - Shot Misses the Net.
5:18 of 2nd period - Puck is out of play.
5:19 of 2nd period - T.J. Tynan wins face-off versus Brendan Gaunce in Sasquatch zone.
5:26 of 2nd period - T.J. Tynan is hit by Nikolaj Ehlers and loses puck.
5:33 of 2nd period - Slapshot by Brendan Gaunce.
5:33 of 2nd period - Stopped by Joonas Korpisalo without a rebound.
5:34 of 2nd period - Devin Shore wins face-off versus Dwight King in Sasquatch zone.
5:45 of 2nd period - Wrist shot by Dominik Kahun.
5:45 of 2nd period - Stopped by Joonas Korpisalo without a rebound.
5:46 of 2nd period - Devin Shore wins face-off versus Brendan Gaunce in Sasquatch zone.
6:01 of 2nd period - Wrist shot by Jujhar Khaira.
6:01 of 2nd period - Shot Misses the Net.
7:19 of 2nd period - Snap shot by Petr Straka.
7:19 of 2nd period - Stopped by Elvis Merzlikins without a rebound.
7:20 of 2nd period - Brendan Gaunce wins face-off versus T.J. Tynan in Knights zone.
8:27 of 2nd period - Mirco Mueller is hit by Nathan Walker and loses puck.
8:45 of 2nd period - Off-side.
8:46 of 2nd period - Brendan Gaunce wins face-off versus Jack Roslovic in neutral zone.
8:54 of 2nd period - Valentin Zykov is hit by Vince Hinostroza and loses puck.
9:02 of 2nd period - Off-side.
9:03 of 2nd period - Dominik Kahun wins face-off versus Devin Shore in neutral zone.
9:31 of 2nd period - Alex Iafallo is hit by Vince Hinostroza and loses puck.
10:10 of 2nd period - Wrist shot by Nathan Walker.
10:10 of 2nd period - Shot Blocked by Brett Pesce.
10:30 of 2nd period - Devin Shore is hit by Nikolaj Ehlers and loses puck.
10:34 of 2nd period - Icing by Dmitri Orlov.
10:35 of 2nd period - Timo Meier wins face-off versus Brendan Gaunce in Sasquatch zone.
10:56 of 2nd period - Snap shot by Devin Shore.
10:56 of 2nd period - Shot Misses the Net.
11:06 of 2nd period - Wrist shot by Nikolaj Ehlers.
11:06 of 2nd period - Shot Misses the Net.
11:16 of 2nd period - Snap shot by Devin Shore.
11:16 of 2nd period - Stopped by Elvis Merzlikins with a rebound.
11:18 of 2nd period - Slapshot by Dmitri Orlov.
11:18 of 2nd period - Shot Misses the Net.
11:20 of 2nd period - Slapshot by Mirco Mueller.
11:20 of 2nd period - Deflect By Jujhar Khaira.
11:20 of 2nd period - Stopped by Elvis Merzlikins without a rebound.
11:21 of 2nd period - T.J. Tynan wins face-off versus Dominik Kahun in Knights zone.
11:24 of 2nd period - Snap shot by Petr Straka.
11:24 of 2nd period - Stopped by Elvis Merzlikins without a rebound.
11:25 of 2nd period - Dominik Kahun wins face-off versus T.J. Tynan in Knights zone.
11:31 of 2nd period - Off-side.
11:32 of 2nd period - Devin Shore wins face-off versus Dominik Kahun in neutral zone.
11:35 of 2nd period - Dwight King is hit by Brandon Montour and loses puck.
12:18 of 2nd period - Patrick Wey is hit by Nathan Walker and loses puck.
12:45 of 2nd period - Teemu Hartikainen is hit by Nicolas Petan and loses puck.
13:04 of 2nd period - Jujhar Khaira is hit by Dwight King and loses puck.
13:30 of 2nd period - Off-side.
13:31 of 2nd period - Dominik Kahun wins face-off versus Timo Meier in neutral zone.
14:44 of 2nd period - Off-side.
14:45 of 2nd period - Dominik Kahun wins face-off versus Devin Shore in neutral zone.
15:04 of 2nd period - Slapshot by Brett Pesce.
15:04 of 2nd period - Stopped by Elvis Merzlikins without a rebound.
15:05 of 2nd period - T.J. Tynan wins face-off versus Brendan Gaunce in Knights zone.
15:16 of 2nd period - Slapshot by Nikolaj Ehlers.
15:16 of 2nd period - Shot Blocked by Mirco Mueller.
15:18 of 2nd period - Slapshot by Vince Hinostroza.
15:18 of 2nd period - Shot Misses the Net.
15:20 of 2nd period - Slapshot by Jesse Graham.
15:20 of 2nd period - Deflect By Nikolaj Ehlers.
15:20 of 2nd period - Shot Misses the Net.
15:20 of 2nd period - Puck is out of play.
15:21 of 2nd period - Devin Shore wins face-off versus Dominik Kahun in Sasquatch zone.
15:54 of 2nd period - Icing by Troy Stetcher.
15:55 of 2nd period - Devin Shore wins face-off versus Brendan Gaunce in Knights zone.
16:24 of 2nd period - Off-side.
16:25 of 2nd period - Dwight King wins face-off versus Petr Straka in neutral zone.
16:51 of 2nd period - Tony DeAngelo is hit by Jujhar Khaira.
17:15 of 2nd period - Martin Marincin is hit by Vince Hinostroza and loses puck.
17:42 of 2nd period - Martin Marincin is hit by Curtis Lazar and loses puck.
18:05 of 2nd period - Wrist shot by Petr Straka.
18:05 of 2nd period - Stopped by Elvis Merzlikins with a rebound.
18:23 of 2nd period - Slapshot by Devin Shore.
18:23 of 2nd period - Stopped by Elvis Merzlikins with a rebound.
18:25 of 2nd period - Snap shot by Devin Shore.
18:25 of 2nd period - Stopped by Elvis Merzlikins without a rebound.
18:26 of 2nd period - T.J. Tynan wins face-off versus Brendan Gaunce in Knights zone.
18:56 of 2nd period - Dominik Kahun is hit by Jujhar Khaira and loses puck.
19:03 of 2nd period - Devin Shore is hit by Dwight King and loses puck.
19:37 of 2nd period - Valentin Zykov is hit by Vince Hinostroza and loses puck.
19:42 of 2nd period - Wrist shot by Nikolaj Ehlers.
19:42 of 2nd period - Shot Misses the Net.
19:44 of 2nd period - Snap shot by Alexandre Carrier.
19:44 of 2nd period - Shot Blocked by Patrick Wey.
19:46 of 2nd period - Wrist shot by Alexandre Carrier.
19:46 of 2nd period - Stopped by Joonas Korpisalo with a rebound.
19:58 of 2nd period - Alexandre Carrier is hit by T.J. Tynan and loses puck.
Goals for this period are 0 for Knights vs 0 for Sasquatch.
Shots for this period are 4 for Knights vs 11 for Sasquatch.

3rd period


0:01 of 3rd period - Brendan Gaunce wins face-off versus Devin Shore in neutral zone.
0:06 of 3rd period - Snap shot by Brendan Gaunce.
0:06 of 3rd period - Stopped by Joonas Korpisalo with a rebound.
0:08 of 3rd period - Slapshot by Nikolaj Ehlers.
0:08 of 3rd period - Stopped by Joonas Korpisalo with a rebound.
0:22 of 3rd period - Minor Penalty to Jujhar Khaira for Hooking.
0:23 of 3rd period - Devin Shore wins face-off versus Brendan Gaunce in Sasquatch zone.
0:36 of 3rd period - Slapshot by Troy Stetcher.
0:36 of 3rd period - Stopped by Joonas Korpisalo with a rebound.
0:38 of 3rd period - Slapshot by Tony DeAngelo.
0:38 of 3rd period - Deflect By Vince Hinostroza.
0:38 of 3rd period - Stopped by Joonas Korpisalo with a rebound.
1:30 of 3rd period - Vince Hinostroza is hit by Patrick Wey and loses puck.
2:22 of 3rd period - Penalty to Jujhar Khaira is over, Jujhar Khaira is back on ice.
2:36 of 3rd period - Wrist shot by Jujhar Khaira.
2:36 of 3rd period - Deflect By Jack Roslovic.
2:36 of 3rd period - Stopped by Elvis Merzlikins without a rebound.
2:37 of 3rd period - Nicolas Petan wins face-off versus Alex Iafallo in Knights zone.
2:44 of 3rd period - Alex Iafallo is hit by Nicolas Petan.
2:48 of 3rd period - Wrist shot by Dmitri Orlov.
2:48 of 3rd period - Shot Blocked by Alexandre Carrier.
3:24 of 3rd period - Teemu Hartikainen is hit by Iiro Pakarinen and loses puck.
3:50 of 3rd period - Brett Pesce is hit by Nikolaj Ehlers and loses puck.
3:55 of 3rd period - Wrist shot by Nikolaj Ehlers.
3:55 of 3rd period - Stopped by Joonas Korpisalo without a rebound.
3:56 of 3rd period - Dominik Kahun wins face-off versus T.J. Tynan in Sasquatch zone.
3:59 of 3rd period - Snap shot by Iiro Pakarinen.
3:59 of 3rd period - Stopped by Joonas Korpisalo with a rebound.
4:01 of 3rd period - Wrist shot by Iiro Pakarinen.
4:01 of 3rd period - Shot Misses the Net.
4:03 of 3rd period - Slapshot by Jesse Graham.
4:03 of 3rd period - Goal by Jesse Graham - Knights : 1 - Sasquatch : 0.
4:04 of 3rd period - Brendan Gaunce wins face-off versus Devin Shore in neutral zone.
4:38 of 3rd period - Snap shot by Petr Straka.
4:38 of 3rd period - Shot Blocked by Dominik Kahun.
5:36 of 3rd period - Martin Marincin is hit by Vince Hinostroza and loses puck.
5:56 of 3rd period - Slapshot by Dmitri Orlov.
5:56 of 3rd period - Stopped by Elvis Merzlikins without a rebound.
5:57 of 3rd period - T.J. Tynan wins face-off versus Dominik Kahun in Knights zone.
6:44 of 3rd period - Wrist shot by T.J. Tynan.
6:44 of 3rd period - Stopped by Elvis Merzlikins without a rebound.
6:45 of 3rd period - Devin Shore wins face-off versus Brendan Gaunce in Knights zone.
6:46 of 3rd period - Wrist shot by Jujhar Khaira.
6:46 of 3rd period - Shot Misses the Net.
6:52 of 3rd period - Wrist shot by Vince Hinostroza.
6:52 of 3rd period - Deflect By Nikolaj Ehlers.
6:52 of 3rd period - Shot Misses the Net.
6:52 of 3rd period - Puck is out of play.
6:53 of 3rd period - Devin Shore wins face-off versus Brendan Gaunce in Sasquatch zone.
7:00 of 3rd period - Slapshot by Nikolaj Ehlers.
7:00 of 3rd period - Deflect By Vince Hinostroza.
7:00 of 3rd period - Shot Misses the Net.
7:00 of 3rd period - Puck is out of play.
7:01 of 3rd period - Devin Shore wins face-off versus Brendan Gaunce in Sasquatch zone.
7:01 of 3rd period - Devin Shore is hit by Nikolaj Ehlers.
7:42 of 3rd period - Snap shot by Patrick Wey.
7:42 of 3rd period - Shot Blocked by Vladislav Gavrikov.
7:54 of 3rd period - Slapshot by Brandon Montour.
7:54 of 3rd period - Shot Blocked by Dwight King.
9:16 of 3rd period - Dmitri Orlov is hit by Dwight King and loses puck.
9:46 of 3rd period - Snap shot by Nathan Walker.
9:46 of 3rd period - Shot Misses the Net.
9:52 of 3rd period - Wrist shot by Nathan Walker.
9:52 of 3rd period - Stopped by Joonas Korpisalo with a rebound.
9:56 of 3rd period - Snap shot by Nathan Walker.
9:56 of 3rd period - Shot Misses the Net.
9:58 of 3rd period - Wrist shot by Nathan Walker.
9:58 of 3rd period - Shot Misses the Net.
10:33 of 3rd period - Slapshot by Mirco Mueller.
10:33 of 3rd period - Shot Blocked by Jesse Graham.
10:47 of 3rd period - Alex Iafallo is hit by Iiro Pakarinen and loses puck.
10:56 of 3rd period - Snap shot by T.J. Tynan.
10:56 of 3rd period - Shot Misses the Net.
11:14 of 3rd period - Nathan Walker is hit by Sam Reinhart and loses puck.
11:37 of 3rd period - Slapshot by Vince Hinostroza.
11:37 of 3rd period - Shot Misses the Net.
11:39 of 3rd period - Wrist shot by Vince Hinostroza.
11:39 of 3rd period - Shot Blocked by Brandon Montour.
11:41 of 3rd period - Backhand shot by Troy Stetcher.
11:41 of 3rd period - Deflect By Vince Hinostroza.
11:41 of 3rd period - Shot Misses the Net.
11:41 of 3rd period - Puck is out of play.
11:42 of 3rd period - Brendan Gaunce wins face-off versus Devin Shore in Sasquatch zone.
12:08 of 3rd period - Snap shot by Iiro Pakarinen.
12:08 of 3rd period - Shot Blocked by Brett Pesce.
12:18 of 3rd period - Wrist shot by Sergey Kalinin.
12:18 of 3rd period - Shot Misses the Net.
12:38 of 3rd period - Slapshot by Petr Straka.
12:38 of 3rd period - Shot Misses the Net.
13:12 of 3rd period - Snap shot by Sam Reinhart.
13:12 of 3rd period - Stopped by Elvis Merzlikins with a rebound.
13:14 of 3rd period - Wrist shot by Sergey Kalinin.
13:14 of 3rd period - Stopped by Elvis Merzlikins with a rebound.
13:16 of 3rd period - Snap shot by Sam Reinhart.
13:16 of 3rd period - Shot Blocked by Tony DeAngelo.
13:45 of 3rd period - Curtis Lazar is hit by Devin Shore.
14:00 of 3rd period - T.J. Tynan is hit by Troy Stetcher and loses puck.
14:17 of 3rd period - Slapshot by Dwight King.
14:17 of 3rd period - Shot Misses the Net.
14:29 of 3rd period - Ludwig Bystrom is hit by Martin Marincin and loses puck.
14:46 of 3rd period - Snap shot by Sergey Kalinin.
14:46 of 3rd period - Stopped by Elvis Merzlikins without a rebound.
14:47 of 3rd period - Sergey Kalinin wins face-off versus Brendan Gaunce in Knights zone.
14:50 of 3rd period - Snap shot by Teemu Hartikainen.
14:50 of 3rd period - Goal by Teemu Hartikainen - Knights : 1 - Sasquatch : 1.
14:51 of 3rd period - Brendan Gaunce wins face-off versus Timo Meier in neutral zone.
15:27 of 3rd period - Wrist shot by Jordan Martinook.
15:27 of 3rd period - Stopped by Joonas Korpisalo with a rebound.
15:41 of 3rd period - Slapshot by Alex Iafallo.
15:41 of 3rd period - Stopped by Elvis Merzlikins with a rebound.
15:46 of 3rd period - Off-side.
15:47 of 3rd period - Timo Meier wins face-off versus Vince Hinostroza in neutral zone.
16:15 of 3rd period - Snap shot by Jordan Martinook.
16:15 of 3rd period - Stopped by Joonas Korpisalo with a rebound.
16:29 of 3rd period - Vladislav Gavrikov is hit by Teemu Hartikainen and loses puck.
16:48 of 3rd period - Minor Penalty to T.J. Tynan for Tripping.
16:49 of 3rd period - Sergey Kalinin wins face-off versus Brendan Gaunce in Sasquatch zone.
18:48 of 3rd period - Penalty to T.J. Tynan is over, T.J. Tynan is back on ice.
18:56 of 3rd period - T.J. Tynan is hit by Josh Bailey and loses puck.
19:05 of 3rd period - Snap shot by Nicolas Petan.
19:05 of 3rd period - Deflect By Josh Bailey.
19:05 of 3rd period - Stopped by Joonas Korpisalo without a rebound.
19:06 of 3rd period - Brendan Gaunce wins face-off versus Jujhar Khaira in Sasquatch zone.
19:31 of 3rd period - Jujhar Khaira is hit by Jordan Martinook and loses puck.
19:50 of 3rd period - Nikolaj Ehlers is hit by Petr Straka and loses puck.
19:57 of 3rd period - Slapshot by Brett Pesce.
19:57 of 3rd period - Shot Blocked by Troy Stetcher.
Goals for this period are 1 for Knights vs 1 for Sasquatch.
Shots for this period are 11 for Knights vs 8 for Sasquatch.

Overtime #1


0:01 of 1st overtime period - Sergey Kalinin wins face-off versus Nikolaj Ehlers in neutral zone.
0:12 of 1st overtime period - Wrist shot by Jujhar Khaira.
0:12 of 1st overtime period - Stopped by Elvis Merzlikins without a rebound.
0:13 of 1st overtime period - Nikolaj Ehlers wins face-off versus Sergey Kalinin in Knights zone.
0:38 of 1st overtime period - Icing by Martin Marincin.
0:39 of 1st overtime period - Sergey Kalinin wins face-off versus Nikolaj Ehlers in Sasquatch zone.
1:13 of 1st overtime period - Snap shot by Dwight King.
1:13 of 1st overtime period - Shot Misses the Net.
1:15 of 1st overtime period - Wrist shot by Troy Stetcher.
1:15 of 1st overtime period - Shot Misses the Net.
1:19 of 1st overtime period - Slapshot by Iiro Pakarinen.
1:19 of 1st overtime period - Shot Misses the Net.
1:21 of 1st overtime period - Snap shot by Iiro Pakarinen.
1:21 of 1st overtime period - Goal by Iiro Pakarinen - Knights : 2 - Sasquatch : 1.
Goals for this period are 1 for Knights vs 0 for Sasquatch.
Shots for this period are 1 for Knights vs 1 for Sasquatch.